Map: Invader LE

Players

singhasong - Winner!

  • Race: Terran Terran
  • League: Diamond

blackxored

  • Race: Zerg Zerg
  • League: Platinum

VOD

Have the link to the VOD?

Description

Time

  • Played on: June 29, 2016, 5:02 p.m.
  • Length: 15:10
Show
View Real Time Build Order
Export as new Build Order

singhasong Terran - Winner!

Build Orders: Reaper Expand, Bio Mine 

Get SALT Encoding   

  12  0:00  SCV  
  13  0:13  SCV  
  14  0:18  Supply Depot  
  14  0:25  SCV  
  15  0:40  Barracks, SCV  
  16  0:45  Refinery  
  16  0:52  SCV  
  17  1:04  SCV  
  18  1:16  SCV  
  19  1:29  Reaper  
  20  1:33  Orbital Command  
  20  1:44  Command Center  
  20  2:01  Marine, SCV  
  20  2:02  Supply Depot  
  22  2:13  SCV  
  22  2:14  Factory  
  23  2:28  Barracks Reactor  
  23  2:42  SCV  
  24  2:54  SCV  
  24  2:56  SCV  
  26  3:00  Command Center, Factory Reactor  
  26  3:06  SCV  
  26  3:09  Orbital Command  
  26  3:10  Barracks Tech Lab  
  27  3:15  Bunker  
  27  3:17  Hellion  
  27  3:19  Hellion  
  31  3:22  SCV  
  32  3:38  Hellion  
  32  3:41  Hellion  
  36  3:44  SCV x2  
  37  3:51  Supply Depot  
  37  3:56  SCV x2  
  37  3:57  Supply Depot  
  39  4:03  Marine, Stimpack  
  39  4:08  SCV  
  41  4:13  SCV  
  41  4:15  Orbital Command  
  42  4:18  Starport  
  42  4:20  SCV  
  42  4:21  Hellion  
  45  4:28  Marine  
  45  4:29  Supply Depot  
  46  4:33  Refinery, SCV x2  
  48  4:44  Supply Depot, SCV  
  49  4:45  SCV  
  49  4:46  Marine, SCV  
  49  4:47  Refinery  
  52  4:54  Engineering Bay  
  52  4:55  Engineering Bay  
  52  4:56  SCV  
  52  4:58  SCV x2  
  55  5:01  Refinery  
  55  5:10  Starport Reactor  
  55  5:12  Widow Mine x2  
  59  5:22  Barracks  
  59  5:23  Barracks, SCV x3  
  59  5:24  Barracks  
  59  5:25  Barracks  
  59  5:27  Missile Turret  
  59  5:28  Missile Turret  
  62  5:37  Marine  
  62  5:39  Terran Infantry Weapons Level 1  
  62  5:40  Terran Infantry Armor Level 1  
  63  5:44  Widow Mine x2  
  67  5:55  Marine  
  68  6:06  Medivac  
  68  6:07  Medivac  
  72  6:13  Marine  
  72  6:16  Supply Depot  
  72  6:17  Supply Depot  
  72  6:18  Supply Depot, Barracks Reactor x2, Barracks Tech Lab  
  72  6:30  Marine  
  73  6:37  Marine  
  64  6:48  Marine  
  64  6:54  Marine x4  
  66  6:55  Marine  
  66  6:59  Orbital Command  
  71  7:02  Combat Shields  
  71  7:06  Marine  
  71  7:08  Supply Depot  
  71  7:09  Supply Depot, Medivac  
  71  7:10  Supply Depot, Medivac  
  71  7:11  Marine x2, Widow Mine x2  
  71  7:12  Marine x3, Armory  
  84  7:24  Marine, SCV x3  
  84  7:29  Marine x3  
  89  7:30  Marine x2  
  89  7:36  SCV x3  
  96  7:39  Widow Mine  
  96  7:42  Marine  
  97  7:47  Marine x3  
  97  7:50  SCV x2  
  102  7:52  SCV  
  102  7:56  Barracks Reactor  
  103  7:58  Supply Depot  
  103  7:59  Supply Depot  
  103  8:01  Marine x3  
  103  8:02  SCV x2  
  103  8:03  Medivac x2  
  103  8:04  SCV  
  103  8:05  Marine x3  
  115  8:08  Widow Mine  
  115  8:12  Terran Infantry Weapons Level 2  
  118  8:14  SCV x2  
  118  8:15  Factory  
  118  8:16  SCV  
  118  8:18  Marine  
  118  8:19  Marine x2  
  124  8:23  Marine x3  
  127  8:32  Marine x2, Medivac, Liberator  
  129  8:36  Marine x2  
  129  8:38  SCV x3  
  134  8:45  Liberator  
  134  8:50  SCV  
  138  9:01  Missile Turret  
  132  9:03  Marine x4  
  132  9:05  Missile Turret  
  132  9:06  Missile Turret  
  132  9:08  Marine x4  
  139  9:14  Terran Infantry Armor Level 2  
  139  9:17  Missile Turret  
  139  9:18  SCV x2, Missile Turret  
  139  9:19  SCV  
  139  9:21  Marine x4, Missile Turret  
  139  9:22  Missile Turret  
  146  9:25  Missile Turret  
  146  9:26  Marine  
  146  9:28  Refinery x2  
  146  9:30  SCV  
  146  9:31  SCV x2  
  149  9:33  Liberator x2  
  139  9:43  SCV  
  138  9:47  Marine x5  
  138  9:51  Marine x3, Widow Mine  
  138  9:52  Widow Mine  
  156  10:05  Marine  
  157  10:19  Supply Depot x2, Marine x2  
  157  10:20  Supply Depot  
  157  10:22  Supply Depot, Factory Tech Lab  
  157  10:24  Marine x2, Widow Mine  
  157  10:25  Supply Depot x2, Marine x3  
  157  10:40  Supply Depot x2, Marine x3, Medivac, Widow Mine  
  157  10:41  Marine  
  157  10:42  Supply Depot  
  165  10:53  Marine x2  
  165  10:54  Marine x2  
  149  10:58  Marine x3  
  149  10:59  Marine  
  149  11:02  Medivac  
  149  11:03  Widow Mine  
  141  11:05  Drilling Claws  
  141  11:08  Widow Mine, Terran Ship Weapons Level 1  
  141  11:10  Medivac  
  141  11:11  Marine x3  
  141  11:12  Marine  
  141  11:16  Marine x3  
  141  11:17  Marine  
  141  11:18  Terran Infantry Weapons Level 3  
  149  11:20  Supply Depot  
  149  11:21  Supply Depot, Liberator  
  149  11:23  Supply Depot, Liberator  
  152  11:44  Command Center  
  152  11:45  Marine x3  
  152  11:46  Marine  
  159  11:59  Widow Mine x2  
  163  12:04  Liberator  
  163  12:06  Liberator  
  163  12:19  Marine  
  163  12:20  Marine x7  
  163  12:22  Widow Mine  
  173  12:28  Widow Mine x2  
  169  12:37  Marine x3  
  169  12:38  Marine x3  
  169  12:39  Marauder x2  
  153  12:55  Marine x3  
  153  12:56  Marine x3  
  150  12:59  Marine  
  150  13:00  Marine  
  150  13:02  Widow Mine x2  
  151  13:13  Marine x5  
  151  13:14  Marine  
  151  13:17  Marine x2  
  155  13:20  Command Center  
  155  13:31  Marine x6  
  155  13:33  Liberator x2  
  158  13:35  Marine x2, Widow Mine x3  
  166  13:49  Marine x6  
  166  13:52  Orbital Command  
  166  13:53  Marine  
  166  13:54  Marauder  
  180  14:03  Widow Mine  
  180  14:06  Marine x2  
  180  14:07  Marine x4  
  181  14:11  Marauder  
  181  14:15  Marauder  
  184  14:24  Marine x3  
  184  14:25  Marine  
  184  14:26  Missile Turret  
  184  14:28  Missile Turret  
  184  14:30  Missile Turret  
  185  14:33  Marauder  
  185  14:34  Marine  
  185  14:35  Marine  
  185  14:36  Marauder  
  191  14:42  Marine x4  
Show
View Real Time Build Order
Export as new Build Order

blackxored Zerg 

Build Orders: Hatch First, Muta Ling Bane 

Get SALT Encoding   

  12  0:01  Drone  
  13  0:08  Drone  
  14  0:18  Overlord  
  14  0:23  Extractor  
  14  0:24  Drone  
  15  0:38  Drone x2  
  17  0:59  Drone x2, Hatchery  
  18  1:13  Drone  
  18  1:16  Extractor  
  18  1:21  Spawning Pool  
  18  1:22  Drone  
  18  1:29  Drone  
  19  1:40  Overlord  
  19  1:50  Drone  
  20  2:08  Zergling x2  
  21  2:09  Queen  
  21  2:10  Queen  
  21  2:11  Zergling x4  
  27  2:19  Metabolic Boost  
  27  2:23  Zergling x4  
  29  2:43  Drone x2  
  31  2:44  Hatchery  
  31  2:49  Overlord  
  29  2:59  Drone x2  
  29  3:00  Drone  
  32  3:11  Drone  
  33  3:14  Pneumatized Carapace  
  33  3:16  Drone x2  
  33  3:19  Overlord  
  35  3:35  Drone x6  
  40  3:47  Queen  
  41  3:56  Zergling x2  
  41  3:57  Zergling x6, Queen  
  41  3:58  Drone  
  41  4:00  Drone  
  49  4:11  Queen  
  51  4:23  Queen  
  53  4:25  Drone x4  
  53  4:29  Overlord  
  53  4:30  Overlord x2  
  57  4:40  Overlord  
  57  4:44  Zergling x2  
  58  4:54  Drone x7  
  64  5:11  Drone x5  
  64  5:12  Drone x5  
  74  5:15  Extractor  
  74  5:17  Lair  
  73  5:22  Drone x2  
  73  5:23  Drone  
  73  5:27  Extractor  
  73  5:28  Drone x4  
  79  5:29  Extractor  
  79  5:31  Extractor  
  79  5:32  Drone  
  79  5:34  Extractor  
  77  5:36  Drone x2  
  77  5:41  Drone x3  
  82  5:48  Drone x3  
  82  5:49  Evolution Chamber  
  84  5:51  Baneling Nest, Drone x3, Evolution Chamber  
  84  5:54  Overlord x3  
  85  6:02  Hatchery  
  84  6:17  Zergling x4  
  84  6:18  Zergling x20  
  86  6:41  Drone x2  
  86  6:43  Drone x5  
  86  6:46  Drone  
  94  6:47  Overseer  
  94  6:49  Overseer  
  94  6:52  Zerg Melee Weapons Level 1, Centrifical Hooks, Zerg Ground Armor Level 1  
  94  6:54  Drone  
  94  6:56  Spire, Zergling x2  
  94  6:57  Zergling x8  
  99  7:09  Drone  
  99  7:11  Zergling x6  
  104  7:15  Zergling x4  
  104  7:16  Hatchery  
  104  7:17  Overlord  
  104  7:19  Baneling x12  
  104  7:20  Baneling x2  
  104  7:24  Queen  
  106  7:38  Drone x4  
  106  7:39  Drone x4  
  111  7:58  Overseer  
  111  7:59  Zergling x8  
  111  8:00  Zergling x22  
  111  8:02  Overlord, Baneling x16  
  111  8:03  Overlord x2  
  126  8:10  Zerg Flyer Armor Level 1  
  126  8:12  Extractor, Queen  
  127  8:13  Overlord x2  
  127  8:14  Extractor  
  126  8:21  Mutalisk x3  
  126  8:22  Mutalisk x2  
  126  8:25  Mutalisk  
  127  8:35  Overseer  
  127  8:39  Drone x10  
  137  8:43  Drone x2, Spore Crawler  
  137  8:44  Drone  
  139  9:01  Zergling x8  
  139  9:02  Zergling x10  
  146  9:16  Zergling x6  
  146  9:17  Zergling x22  
  155  9:21  Mutalisk  
  155  9:33  Zerg Ground Armor Level 2, Zerg Melee Weapons Level 2  
  138  9:40  Overseer  
  138  9:46  Mutalisk x3  
  138  9:47  Mutalisk x4  
  151  9:53  Spore Crawler  
  151  9:54  Spine Crawler  
  147  10:02  Mutalisk  
  147  10:04  Drone  
  147  10:05  Infestation Pit  
  146  10:22  Drone  
  145  10:31  Zergling x2  
  145  10:32  Zergling x30  
  145  10:33  Zergling x8  
  134  10:54  Zergling x2  
  134  10:55  Zergling x14  
  105  11:25  Drone  
  105  11:26  Drone x3  
  109  11:39  Zergling x8  
  111  11:51  Drone x3  
  114  11:55  Hatchery  
  86  12:45  Zergling x2  
  86  12:46  Zergling x26  
  93  13:02  Mutalisk  
  93  13:03  Mutalisk  
  79  13:08  Zergling x6  
  62  13:28  Baneling x12  
  62  13:29  Baneling  
  62  13:30  Baneling  
  62  13:32  Baneling  
  62  13:44  Drone x3  
  65  13:52  Mutalisk  
  57  14:05  Zergling x10  
  52  14:22  Zergling x2  
  52  14:23  Zergling x10  
  54  14:40  Zergling x2  
  54  14:41  Zergling x12  
Tags
 
Add a new tag
Caveats
  • Supply blocks, unpowered buildings, or Contaminate may cause inaccurate times.
  • Supply counts are checked every 10 seconds.